 Dungeon Crawl Stone Soup version 0.29.0-4-gdea44cf6ec (webtiles) character file.

Game seed: 2590881916868374409

384 qw the Chopper (level 6, -9/36 HPs)
             Began as a Tengu Warper on Aug 28, 2022.
             Mangled by Menkaure (10 damage)
             ... on level 4 of the Dungeon.
             The game lasted 00:00:20 (4801 turns).

qw the Chopper (Tengu Warper)                       Turns: 4801, Time: 00:00:21

Health: -9/36      AC:  6    Str: 15    XL:     6   Next: 77%
Magic:  19/19      EV: 11    Int: 14    God:
Gold:   123        SH:  0    Dex: 13    Spells: 9/9 levels left

rFire   + . .      SeeInvis +   Y - +1 hand axe
rCold   . . .      Faith    .   (no shield)
rNeg    . . .      Spirit   .   b - +0 scale mail
rPois   +          Reflect  .   (helmet restricted)
rElec   .          Harm     .   (no cloak)
rCorr   .          Rampage  .   (no gloves)
Will    .....                   (boots unavailable)
Stlth   ..........              (no amulet)
HPRegen 0.12/turn               i - ring "Biroc" {rPois rF+ MP+9 Str+2 SInv}
MPRegen 0.16/turn               (no ring)

@: flying quickly and evasively, quick
A: beak, talons 3, nimble flight
a: no special abilities


You were on level 4 of the Dungeon.
You visited 2 branches of the dungeon, and saw 5 of its levels.

You collected 123 gold pieces.


Innate Abilities, Weirdness & Mutations

You have a beak for a mouth.
You have claws for feet.
Your magical nature lets you fly swiftly and evasively.


   Skills:
 + Level 2.9 Fighting
 - Level 7.3 Axes
 - Level 1.0 Throwing
 - Level 1.1 Armour
 - Level 2.1 Dodging
 - Level 2.0 Spellcasting
 - Level 2.4 Translocations


You had 9 spell levels left.
You didn't know any spells.
Your spell library contained the following spells:

 Spells                   Type           Power      Damage    Failure   Level
 Blink                    Tloc           16%        N/A       50%         2
 Gell's Gravitas          Tloc           8%         N/A       73%         3
 Lesser Beckoning         Tloc           8%         N/A       73%         3
 Teleport Other           Tloc           8%         N/A       73%         3
 Manifold Assault         Tloc           8%         N/A       100%        5

Inventory:

Hand Weapons
 c - a +0 flail
 Y - a +1 hand axe (weapon)
Armour
 b - a +0 scale mail (worn)
Jewellery
 i - the ring "Biroc" (left hand) {rPois rF+ MP+9 Str+2 SInv}
   (You found it on level 3 of the Dungeon)

   [ring of poison resistance]

   Str:       It affects your strength (+2).
   rF:        It protects you from fire.
   rPois:     It protects you from poison.
   MP:        It affects your magic capacity (+9).
   SInv:      It lets you see invisible.
Scrolls
 a - a scroll of identify
Potions
 d - a potion of might
 e - a potion of magic {unknown}
 h - 2 potions of curing

Dungeon Overview and Level Annotations

Branches:
Dungeon (4/15)             Temple (1/1) D:4

Altars:
Cheibriados
Dithmenos
Elyvilon
Fedhas
Kikubaaqudgha
Makhleb
Qazlal
Ru
Sif Muna
Trog
Xom
Yredelemnul
The Shining One

Annotations:
D:4 Menkaure


Message History

You start resting.
HP restored.
e - a glowing clear potion
Things that are here:
a +2 vampiric battleaxe; a +0 robe You now have 113 gold pieces (gained 8).
You now have 123 gold pieces (gained 10).
Found a book of Debilitation and a scroll of blinking.
Found a scroll of noise.
Found a stone staircase leading down.
h - 2 potions of curing (gained 1) Menkaure, Prince of Dust comes into view.
Menkaure shouts!
An orc comes into view. It is wielding a +0 hand axe.
The orc shouts!
An orc comes into view. It is wielding a +0 club.
An orc wizard comes into view. It is wielding a +2 dagger of venom.
The orc shouts!
Menkaure mumbles some strange words.
Menkaure seems to speed up. 2 orcs come into view.
The orc shouts! x2
Menkaure gestures at you while chanting.
Pain shoots through your body!
You slash Menkaure!
Menkaure is moderately damaged.
Menkaure barely misses you.
You barely miss Menkaure.
Menkaure is moderately damaged.
You hit the orc. Menkaure hits you! The orc closely misses you.
You hit Menkaure. Your kick misses Menkaure. You peck Menkaure.
Menkaure is heavily damaged.
You hit the orc but do no damage. Menkaure closely misses you.
The orc hits you with a +0 hand axe.
You hit Menkaure but do no damage.
Menkaure is heavily damaged.
You barely miss the orc. Menkaure hits you!
You die...

..######... #
.o....... .##
#o......##..#
##.o.........
#..........#
##....o.....#
#.....o.M...#
#......@...#
#..........#
##.....$....#
#...........#
#?..........#
##..........##
#...........#
##...........#
##...........##


You could see Menkaure (fast), an orc wizard and 4 orcs.

Vanquished Creatures
  A phantom (D:4)
  Blork the orc (D:4)
  A scorpion (D:4)
  An orc priest (D:3)
  Terence (D:2)
  Natasha (twice) (D:3)
  An adder (D:2)
  A dart slug (D:1)
  8 orcs
  4 endoplasms
  2 giant cockroaches (D:1)
  7 goblins
  6 hobgoblins
  4 quokkas
  6 ball pythons
  4 bats
  A frilled lizard (D:2)
  4 kobolds
  7 rats
62 creatures vanquished.

Notes
Turn   | Place    | Note
-------+----------+-------------------------------------------
     0 | D:1      | qw the Tengu Warper began the quest for the Orb.
     0 | D:1      | Reached XP level 1. HP: 12/12 MP: 4/4
     0 | D:1      | 0 ||| qw: Version: 0.1-a-89-g26bdef1
     0 | D:1      | 0 ||| qw: Game counter: 337
     0 | D:1      | 0 ||| qw: Always use a shield: true
     0 | D:1      | 0 ||| qw: God list: Okawaru
     0 | D:1      | 0 ||| qw: Allow faded altars: false
     0 | D:1      | 0 ||| qw: Do Orc after D:15 true
     0 | D:1      | 0 ||| qw: Do second Lair branch before Depths: true
     0 | D:1      | 0 ||| qw: Lair rune preference: random
     0 | D:1      | 0 ||| qw: Plans: Normal
     0 | D:1      | 0 ||| PLANNING D:1-11
   195 | D:1      | Reached skill level 3 in Axes
   195 | D:1      | Reached XP level 2. HP: 17/17 MP: 6/6
   234 | D:1      | 234 ||| Stepping ~*~*~tactically~*~*~ (stealth).
   235 | D:1      | 235 ||| Stepping ~*~*~tactically~*~*~ (stealth).
   244 | D:1      | HP: 4/17 [quokka (1)]
   760 | D:1      | Found a faded altar of an unknown god.
   825 | D:1      | Reached XP level 3. HP: 19/21 MP: 7/7
   998 | D:1      | 998 ||| DROPPING +0 club.
  1052 | D:1      | Reached skill level 4 in Axes
  1370 | D:1      | 1370 ||| UPGRADING to +0 ring mail.
  1380 | D:1      | 1380 ||| DROPPING +0 leather armour.
  1381 | D:1      | 1381 ||| DROPPING ring of flight.
  1382 | D:1      | 1382 ||| READING 2 scrolls labelled OMUODAP QIYQ.
  1383 | D:1      | 1383 ||| READING scroll labelled PEAQYGIUFRI.
  1384 | D:1      | 1384 ||| READING scroll labelled JAPLUFF HIZOC KYU.
  1385 | D:1      | 1385 ||| DRINKING 2 emerald potions.
  1486 | D:1      | 1486 ||| DRINKING 3 murky sapphire potions.
  1487 | D:1      | 1487 ||| DROPPING scroll of blinking.
  1488 | D:1      | 1488 ||| DROPPING potion of ambrosia.
  1692 | D:2      | 1692 ||| FLEEEEING.
  1693 | D:2      | 1693 ||| FLEEEEING.
  1695 | D:2      | 1695 ||| FLEEEEING.
  1696 | D:2      | 1696 ||| FLEEEEING.
  1697 | D:2      | 1697 ||| FLEEEEING.
  1698 | D:2      | 1698 ||| FLEEEEING.
  1699 | D:2      | 1699 ||| FLEEEEING.
  1700 | D:2      | 1700 ||| FLEEEEING.
  1701 | D:2      | 1701 ||| FLEEEEING.
  1702 | D:2      | 1702 ||| FLEEEEING.
  1703 | D:2      | 1703 ||| FLEEEEING.
  1704 | D:2      | 1704 ||| FLEEEEING.
  1705 | D:2      | 1705 ||| FLEEEEING.
  1706 | D:2      | 1706 ||| FLEEEEING.
  1707 | D:2      | 1707 ||| FLEEEEING.
  1708 | D:2      | 1708 ||| FLEEEEING.
  1709 | D:2      | 1709 ||| FLEEEEING.
  1710 | D:2      | 1710 ||| FLEEEEING.
  1711 | D:2      | 1711 ||| FLEEEEING.
  1876 | D:2      | Noticed Terence
  1882 | D:2      | HP: 2/21 [Terence/+0 short sword (10)]
  1883 | D:2      | 1883 ||| DRINKING 2 potions of heal wounds.
  1887 | D:2      | Killed Terence
  1888 | D:2      | Reached XP level 4. HP: 20/26 MP: 8/8
  2476 | D:2      | Reached skill level 5 in Axes
  2584 | D:2      | 2584 ||| UPGRADING to +0 scale mail.
  2594 | D:2      | 2594 ||| DROPPING +0 ring mail.
  2595 | D:2      | 2595 ||| READING 2 scrolls labelled HOHAERH OCWAEKH.
  2734 | D:2      | 2734 ||| DROPPING scroll of torment.
  2770 | D:3      | 2770 ||| DROPPING +0 whip.
  2811 | D:3      | 2811 ||| Stepping ~*~*~tactically~*~*~ (hiding).
  2857 | D:3      | Gained mutation: Your magical nature lets you fly swiftly
                  | and evasively. [Tengu growth]
  2857 | D:3      | Reached XP level 5. HP: 24/30 MP: 9/9
  2930 | D:3      | Identified the ring "Biroc" {rPois rF+ MP+9 Str+2 SInv}
  2934 | D:3      | Noticed Natasha
  2935 | D:3      | 2935 ||| Stepping ~*~*~tactically~*~*~ (hiding).
  2945 | D:3      | Killed Natasha
  3449 | D:3      | Noticed Natasha
  3450 | D:3      | 3450 ||| Stepping ~*~*~tactically~*~*~ (hiding).
  3458 | D:3      | Killed Natasha
  3459 | D:3      | Reached skill level 6 in Axes
  3794 | D:3      | 3794 ||| UPGRADING to ring "Biroc" {rPois rF+ MP+9 Str+2
                  | SInv}.
  3851 | D:3      | 3851 ||| READING scroll labelled ISKEGO LOFF.
  3855 | D:3      | 3855 ||| READING scroll labelled UXOZUI VEBYO.
  3856 | D:3      | 3856 ||| DRINKING 2 smoky brown potions.
  3890 | D:3      | 3890 ||| DROPPING potion of lignification.
  3897 | D:4      | 3897 ||| STAIRDANCE
  3911 | D:4      | 3911 ||| STAIRDANCE
  4034 | D:4      | Noticed a phantom
  4047 | D:4      | Killed a phantom
  4048 | D:4      | Reached XP level 6. HP: 24/35 MP: 10/10
  4158 | D:4      | Found a staircase to the Ecumenical Temple.
  4159 | D:4      | 4159 ||| PLANNING TEMPLE
  4159 | D:4      | 4159 ||| READING scroll labelled EROREA QENG.
  4160 | D:4      | 4160 ||| DRINKING 2 green potions.
  4174 | D:4      | Reached skill level 7 in Axes
  4294 | Temple   | Entered the Ecumenical Temple
  4413 | Temple   | 4413 ||| PLANNING D:1-11
  4453 | D:4      | Identified the -2 pair of boots of Complete Protection {Fly
                  | Will+ Str+3}
  4484 | D:4      | Noticed Blork the orc
  4492 | D:4      | HP: 1/35 [Blork the orc/+2 vampiric battleaxe (13)]
  4493 | D:4      | 4493 ||| DRINKING potion of heal wounds.
  4498 | D:4      | HP: 7/35 [Blork the orc/magic dart (5)]
  4500 | D:4      | Killed Blork the orc
  4793 | D:4      | Noticed Menkaure
  4799 | D:4      | HP: 5/36 [Menkaure (17)]
  4800 | D:4      | HP: 1/36 [orc/+0 hand axe (4)]
  4801 | D:4      | Mangled by Menkaure

Levels and vault maps discovered:
D:1:      lightli_arrival_statuegarden, layout_loops_ring,
          ebering_ecumenical_altar_box
D:2:      layout_basic, grunt_decor_junction, uniq_terence
D:3:      layout_basic, uniq_natasha
D:4:      layout_cave_pods, mainiacjoe_overflow_alcove_2, temple_statues,
          uniq_menkaure, uniq_blork_the_orc
Temple:   nicolae_temple_bog_church

Skill      XL: |  1  2  3  4  5  6 |
---------------+-------------------+-----
Axes           | 3 4 5 6 7 |  7.3
Fighting       | |  2.9
Throwing       | |  1.0
Armour         | |  1.1
Dodging        | |  2.1
Spellcasting   | |  2.0
Translocations | |  2.4

Action                   |  1- 3 |  4- 6 || total
-------------------------+-------+-------++-------
Melee: Hand axe          |    73 |    91 ||   164
       Kick              |    14 |    29 ||    43
       Peck              |     6 |    22 ||    28
       Punch             |     1 |       ||     1
Throw: Boomerang         |     7 |       ||     7
  Use: Scroll            |     3 |     4 ||     7
       Potion            |     3 |     3 ||     6
Armor: Leather armour    |    16 |       ||    16
       Ring mail         |     1 |     2 ||     3
       Scale mail        |       |    16 ||    16
Dodge: Dodged            |    34 |    41 ||    75

Table legend:
 A = Non-vault XP
 B = Vault XP
 C = Vault XP percentage of total XP
 D = Non-vault monster count
 E = Vault monster count
 F = Vault count percentage of total count
                 A         B        C        D         E       F
            +---------+---------+-------+---------+---------+-------
      Total |     379 |     170 |  31.0 |      59 |       3 |   4.8
            +---------+---------+-------+---------+---------+-------
        D:1 |      49 |       0 |   0.0 |      30 |       0 |   0.0
        D:2 |      30 |      36 |  54.5 |      11 |       1 |   8.3
        D:3 |     106 |      35 |  24.8 |      15 |       1 |   6.2
        D:4 |     194 |      99 |  33.8 |       3 |       1 |  25.0
            +---------+---------+-------+---------+---------+-------
